AoeStats
← PoofyCastle58

MegaRandom

508918384Analyzed
4v4 RM · 9d ago on Sep 24, 2026· 22m 49s· 8 players
Game mode
Random Map
Map size
Large (8 player)
Population
200
Speed
Normal
Resources
Standard
Victory
Conquest
Starting age
Dark Age
Ending age
Imperial Age
RankedLock teamsTeams togetherTeam positionsShared explorationLock speedFull tech treeHidden civsTurbo modeCheats
Victory
Defeat
🇷🇺 Cumans · Russia
949
+15
🇪🇸 Burgundians · Spain
924
+16
🇫🇷 Persians · France
893
+18
🇺🇸 Sicilians · United States
872
+19
🇹🇷 Spanish · Türkiye
1009
-21
🇹🇷 Gurjaras · Türkiye
988
-19
🇺🇸 Magyars · United States
882
-15
🇪🇸 Mongols · Spain
845
-32
Trex85
4:24 Double-Bit Axe
6:35 Horse Collar
13:45 Feudal Age
19:26 Castle Age
19:22 Scale Barding Armor
19:28 Forging
20:18 Husbandry
20:19 Cavalier
21:42 Wheelbarrow
22:23 Gold Mining
22:50 Bow Saw
PoofyCastle58
11:43 Feudal Age
10:07 Loom
12:36 Double-Bit Axe
13:34 Horse Collar
15:11 Gold Mining
19:15 Castle Age
17:42 Gold Mining
17:49 Gold Mining
17:51 Stone Mining
18:32 Fletching
21:03 Bodkin Arrow
23:05 Wheelbarrow
FR HectorDevis
7:16 Loom
10:05 Feudal Age
10:53 Horse Collar
11:00 Double-Bit Axe
16:54 Bloodlines
17:28 Forging
18:09 Scale Barding Armor
18:43 Wheelbarrow
23:25 Castle Age
21:18 Stone Mining
21:19 Gold Mining
Gametofit
10:27 Feudal Age
11:14 Double-Bit Axe
12:14 Horse Collar
13:08 Loom
20:26 Wheelbarrow
24:16 Castle Age
22:21 Gold Mining
22:59 Forging
23:04 Scale Barding Armor
ALVICEN
0:29 Loom
11:14 Feudal Age
12:32 Wheelbarrow
12:15 Town Watch
13:39 Double-Bit Axe
15:44 Horse Collar
25:02 Castle Age
$impnationri$eup
0:41 Loom
13:12 Feudal Age
15:46 Double-Bit Axe
20:15 Castle Age
Çalooo
0:39 Loom
12:02 Feudal Age
18:23 Castle Age
16:42 Double-Bit Axe
19:37 Wheelbarrow
romeo63
10:16 Feudal Age
14:52 Horse Collar
20:31 Castle Age
19:27 Double-Bit Axe
20:49 Scale Barding Armor
20:55 Forging
21:24 Gold Mining
22:53 Husbandry
Connection lost

Rejoining the realm…

Still unreachable

The connection could not be restored.

Session expired

The server has moved on; the page needs a fresh start.